[Event "Bremer Silvester Open 2019"]
[Site "Bremen"]
[Date "2019.12.27"]
[Round "1.1"]
[White "Grishchenko, Sergey"]
[Black "Block, Timo"]
[Result "1-0"]
[ECO "D10"]
[WhiteElo "2404"]
[BlackElo "1827"]
[Annotator "NA"]
[PlyCount "93"]
[EventDate "2019.12.27"]
[EventType "swiss"]
[EventCountry "GER"]
[SourceTitle "playchess.com"]
[Source "ChessBase"]
[SourceQuality "1"]
[TimeControl "40/5400+30:1800+30"]

1. d4 d5 2. c4 c6 3. Nc3 Nf6 4. cxd5 cxd5 5. Bf4 Nc6 6. e3 Bf5 7. Qb3 Qd7 {[%emt 0:02:19] D10: Slav Defence: 3 cxd5 (without early Nf3) and 3 Nc3} (7... Na5 8. Qa4+ Bd7 9. Qc2 e6 10. Nf3 Be7 11. Bd3 Nc6 12. Qe2 Nh5 13. Be5 f6 14. Bg3 f5 15. Nd2 g6 {½-½ (29) Aronian,L (2756)-Yu,Y (2736) Riga 2019}) 8. Nf3 a6 9. Ne5 Nxe5 10. Bxe5 e6 11. Be2 Rc8 12. O-O Be7 13. Rac1 $146 ({Predecessor:} 13. f3 O-O 14. a4 Rc6 15. a5 {½-½ (24) Kralovsky,M (2031)-Ryslink,D Prague 2005}) 13... O-O 14. f3 Rc6 15. Na4 b5 16. Nc5 Bxc5 (16... Qc8 $14) 17. dxc5 Qe7 (17... Rfc8 $16) 18. Bd6 Rxd6 19. cxd6 Qxd6 20. Qc3 h6 21. Rfd1 Qb6 $18 22. Qc5 Qb7 23. Qc7 Qa8 24. b4 Ne8 25. Qb6 Nf6 26. Rc7 d4 27. Qxd4 Nd5 28. Rc5 Bg6 29. e4 Nf4 30. Bf1 e5 31. Qxe5 Ne6 32. Rc2 Qa7+ 33. Kh1 Re8 34. Rdc1 f6 35. Qg3 Bf7 36. Qf2 Qe7 37. a3 Rd8 38. Rd2 Re8 39. Qb6 Ng5 40. Qxa6 Qe5 41. Qd6 Qxd6 42. Rxd6 Ra8 43. Rc3 Rb8 44. Rdc6 Kh7 45. Rc8 Rb6 46. R3c6 Rb7 47. R8c7 1-0

[Event "Bremer Silvester Open 2019"]
[Site "Bremen"]
[Date "2019.12.27"]
[Round "1.3"]
[White "Wachinger, Nikolas"]
[Black "Klemm, Robert"]
[Result "1-0"]
[ECO "B24"]
[WhiteElo "2234"]
[BlackElo "1802"]
[Annotator "NA"]
[PlyCount "57"]
[EventDate "2019.12.27"]
[EventType "swiss"]
[EventCountry "GER"]
[SourceTitle "playchess.com"]
[Source "ChessBase"]
[SourceQuality "1"]
[TimeControl "40/5400+30:1800+30"]

1. e4 e6 2. d3 c5 3. g3 Nc6 4. Bg2 d5 5. Nc3 Nf6 6. Bg5 ({Better is} 6. exd5 $11 exd5 7. Nge2) 6... d4 7. Nce2 Be7 {[%emt 0:03:36] B24: Closed Sicilian: 3 g3 sidelines} 8. h3 e5 9. f4 h6 10. Bxf6 Bxf6 11. Nf3 Bd7 12. O-O g5 $146 ({Predecessor:} 12... O-O 13. f5 Rc8 14. h4 Nb4 15. a3 {1-0 (44) Jamroz,G (2045)-Gasik,A Zakopane 2001}) 13. c3 gxf4 14. gxf4 Qe7 15. cxd4 Nxd4 16. Nexd4 cxd4 17. Qd2 Rg8 18. Kh1 Rg3 19. Kh2 $11 ({Don't play} 19. Nxe5 Bxe5 20. fxe5 Bxh3 $17) 19... Rg7 20. Rac1 Bb5 21. b4 h5 22. Rc5 Ba6 23. fxe5 Bg5 24. Nxg5 Rxg5 25. e6 f6 26. Rff5 Qd6+ 27. e5 Qxc5 28. Rxg5 Qe7 29. Rg8+ 1-0

[Event "Bremer Silvester Open 2019"]
[Site "Bremen"]
[Date "2019.12.27"]
[Round "1.4"]
[White "Koerber, Uwe"]
[Black "Hoerstmann, Martin"]
[Result "0-1"]
[ECO "B23"]
[WhiteElo "1762"]
[BlackElo "2208"]
[Annotator "NA"]
[PlyCount "70"]
[EventDate "2019.12.27"]
[EventType "swiss"]
[EventCountry "GER"]
[SourceTitle "playchess.com"]
[Source "ChessBase"]
[SourceQuality "1"]
[TimeControl "40/5400+30:1800+30"]

1. e4 g6 2. Nc3 Bg7 3. f4 c5 4. Nf3 Nc6 5. Bc4 e6 6. O-O Nge7 7. Qe1 O-O 8. d3 d5 9. Bb3 $1 Na5 10. Kh1 {[%emt 0:05:17] B23: Closed Sicilian: Lines without g3} (10. Bd2 b6 11. e5 a6 12. Nd1 Nec6 13. Bxa5 Nxa5 14. c3 d4 15. cxd4 Nxb3 16. axb3 Bb7 17. dxc5 Qxd3 18. cxb6 Qxb3 {0-1 (40) Aldama Degurnay,D (2434)-Li,C (2670) Las Vegas 2012}) 10... b6 $146 ({Predecessor:} 10... a6 11. Bd2 c4 12. Ba4 b5 13. Nxd5 Nac6 14. Nxe7+ Qxe7 15. Bxb5 axb5 16. dxc4 bxc4 17. e5 Ba6 {0-1 (46) Loo,P (1505)-Lee,C (1756) Penang 2019}) 11. a3 (11. Bd2 $1 $15) 11... Nxb3 12. cxb3 Ba6 13. Ne5 f6 14. Ng4 Bxd3 15. Rf3 dxe4 16. Rh3 Nf5 17. Nf2 Qd7 18. Ncxe4 Ba6 19. Be3 Rad8 20. Rd1 Qc6 21. Nd2 Bb7 22. Nf3 Rxd1 23. Nxd1 Qe4 24. Bd2 Rd8 25. Nc3 Qxe1+ 26. Bxe1 Nd4 27. Kg1 Bxf3 28. gxf3 Nxb3 29. Ne4 f5 30. Ng5 h6 31. Nxe6 Re8 32. Nxg7 Rxe1+ 33. Kf2 Re7 ({Inferior is} 33... Kxg7 34. Kxe1 Nd4 35. Kf2 $11) 34. Nxf5 gxf5 35. Rxh6 Nd4 $19 0-1

[Event "Bremer Silvester Open 2019"]
[Site "Bremen"]
[Date "2019.12.27"]
[Round "1.5"]
[White "Brinkmann, Fabian"]
[Black "Wohlrabe, Joerg"]
[Result "1-0"]
[ECO "B00"]
[WhiteElo "2148"]
[BlackElo "1751"]
[Annotator "NA"]
[PlyCount "57"]
[EventDate "2019.12.27"]
[EventType "swiss"]
[EventCountry "GER"]
[SourceTitle "playchess.com"]
[Source "ChessBase"]
[SourceQuality "1"]
[TimeControl "40/5400+30:1800+30"]

1. e4 e6 2. d4 b6 3. Bd3 Bb7 4. Qe2 Be7 (4... Nf6 5. Nf3 d6 6. O-O Nbd7 7. Re1 e5 8. Nc3 Be7 9. Bg5 h6 10. Bh4 Nh5 11. Bxe7 Qxe7 12. Ba6 Nf4 13. Qc4 Bxa6 14. Qxa6 {½-½ (23) Solak,D (2629)-Cicak,S (2566) Stockholm 2012}) 5. Nf3 d6 6. O-O {[%emt 0:00:41] B00: Queen's Fianchetto Defence, Nimzowitsch Defence} Nd7 7. c4 c5 8. Nc3 cxd4 9. Nxd4 a6 10. Bd2 $146 ({Predecessor:} 10. f4 Bf6 11. Be3 Ne7 12. Rad1 {1-0 (28) Shepley,J (2029)-Kalerwa,E (1783) London 2012}) 10... Rc8 11. f4 Bf6 12. Nf3 Ne7 13. Rad1 Qc7 14. Kh1 O-O 15. Rc1 Qb8 16. Bb1 Rfd8 17. Be1 Ng6 18. Bg3 Qa8 19. h4 Ngf8 20. e5 Bxf3 21. Rxf3 Be7 22. Rcf1 Ng6 23. h5 Ngf8 24. exd6 Bxd6 25. f5 Bxg3 26. Rxg3 Qc6 $2 {[%emt 0:06:45] [#]} (26... Qb8 {is tougher.} 27. Qf2 exf5) 27. Qg4 $1 g6 28. fxg6 fxg6 29. hxg6 1-0

[Event "Bremer Silvester Open 2019"]
[Site "Bremen"]
[Date "2019.12.27"]
[Round "1.6"]
[White "Niemann, Leon"]
[Black "Pollmann, Sascha"]
[Result "1/2-1/2"]
[ECO "C01"]
[WhiteElo "1747"]
[BlackElo "2118"]
[Annotator "NA"]
[PlyCount "97"]
[EventDate "2019.12.27"]
[EventType "swiss"]
[EventCountry "GER"]
[SourceTitle "playchess.com"]
[Source "ChessBase"]
[SourceQuality "1"]
[TimeControl "40/5400+30:1800+30"]

1. e4 e6 2. d4 d5 3. Bd3 c5 4. exd5 exd5 5. dxc5 Bxc5 6. c3 {[%emt 0:00:42] C01: French: Exchange Variation} (6. Nf3 Nf6 7. O-O O-O 8. Nc3 h6 9. h3 Re8 10. a3 a6 11. b4 Ba7 12. Bb2 Nc6 13. Re1 Be6 14. Na4 Nd7 15. Qd2 Rc8 16. Rad1 {½-½ (87) Zhu,J (2471)-Zvjaginsev,V (2644) Qingdao 2019}) 6... Nf6 7. Nf3 O-O 8. O-O Nc6 9. h3 Qd6 10. Kh1 Re8 $146 ({Predecessor:} 10... Ne4 11. Ng5 f5 12. Bxe4 fxe4 13. b4 Bb6 14. Nxe4 Qe5 15. Nc5 Nxb4 {0-1 (40) Marszk,K (1829)-Fainberg,B (2030) Polanica Zdroj 2019}) 11. Bg5 Ne4 12. Bh4 Qh6 13. Bc2 Bg4 14. Bg3 $2 (14. hxg4 $17 {is tougher.} Ne5 15. g3 Nxf2+ 16. Rxf2 Bxf2 17. g5) 14... Nxg3+ 15. fxg3 Rad8 (15... Re3 $142 16. Nbd2 Ne5) 16. Kh2 $2 (16. Nbd2 {nothing else works.}) 16... d4 17. Qd2 Qxd2 18. Nbxd2 dxc3 19. bxc3 Be6 20. Ne4 Bb6 21. Neg5 h6 22. Nxe6 Rxe6 23. Bb3 Re7 24. Rae1 Be3 25. Rd1 (25. Nh4 $1 $14 Rde8 26. Rf3) 25... Red7 26. Rde1 Bb6 $15 27. Ne5 Nxe5 $15 28. Rxe5 Kf8 29. Rfe1 Bc7 30. R5e3 Rd3 31. Bc4 Rxe3 32. Rxe3 f6 33. Rd3 Rxd3 34. Bxd3 g5 35. c4 Bd6 36. Kg1 Bxg3 37. c5 Ke7 38. Be4 b5 39. cxb6 axb6 40. Kf1 Kd6 41. Ke2 Ke5 42. Kf3 h5 43. Bg6 h4 44. Bf7 Kd4 45. Be6 b5 46. Bd7 b4 47. Be6 Ke5 48. Bb3 f5 49. Bc4 1/2-1/2

[Event "Bremer Silvester Open 2019"]
[Site "Bremen"]
[Date "2019.12.27"]
[Round "2.1"]
[White "Herlan, Klaus-Juergen"]
[Black "Grishchenko, Sergey"]
[Result "0-1"]
[ECO "D05"]
[WhiteElo "2008"]
[BlackElo "2404"]
[Annotator "NA"]
[PlyCount "96"]
[EventDate "2019.12.27"]
[EventType "swiss"]
[EventCountry "GER"]
[SourceTitle "playchess.com"]
[Source "ChessBase"]
[SourceQuality "1"]
[TimeControl "40/5400+30:1800+30"]

1. d4 Nf6 2. Nf3 c5 3. e3 d5 4. Bd3 Nc6 5. c3 Qc7 6. Nbd2 Bg4 7. Qa4 Nd7 8. Be2 cxd4 9. exd4 e6 10. h3 Bh5 11. Nf1 Bd6 12. Be3 Rb8 13. Qd1 b5 14. Bd2 b4 15. Ne3 bxc3 16. Bxc3 O-O 17. O-O Nf6 18. Nd2 Bxe2 19. Qxe2 Qb6 20. Ng4 Nxg4 21. Qxg4 Bb4 22. Nb3 Bxc3 23. bxc3 Na5 24. Nc5 Qc6 25. Rab1 Nb7 26. Qg3 Nd6 27. Rb3 Rb6 28. Re1 h6 29. Qd3 Rc8 30. Reb1 Nc4 31. Rb4 Rcb8 32. g3 e5 33. Rxb6 axb6 34. Nb3 e4 35. Qe2 Rc8 36. Rc1 Nd6 37. Nd2 Qa4 38. Nf1 Qa3 39. Rb1 Qxc3 40. Rxb6 Nc4 41. Rb7 Qxd4 42. Qg4 Rf8 43. Rb1 Ne5 44. Qe2 Rd8 45. Kg2 Qc3 46. Rb3 Qa1 47. Qc2 Nf3 48. Rb1 Ne1+ 0-1

[Event "Bremer Silvester Open 2019"]
[Site "Bremen"]
[Date "2019.12.27"]
[Round "2.2"]
[White "Reuker, Jari"]
[Black "Pienski, Olaf"]
[Result "1-0"]
[ECO "E61"]
[WhiteElo "2383"]
[BlackElo "2001"]
[Annotator "NA"]
[PlyCount "85"]
[EventDate "2019.12.27"]
[EventType "swiss"]
[EventCountry "GER"]
[SourceTitle "playchess.com"]
[Source "ChessBase"]
[SourceQuality "1"]
[TimeControl "40/5400+30:1800+30"]

1. c4 e5 2. Nc3 d6 3. g3 Nf6 4. Bg2 g6 5. e3 Bg7 6. Nge2 O-O 7. O-O c6 8. d4 Nbd7 9. b3 Re8 10. Ba3 Bf8 11. Qd2 Qa5 12. Bb2 exd4 13. Qxd4 Qb6 14. Rad1 Qxd4 15. Rxd4 Nc5 16. h3 h5 17. Kh2 Bf5 18. Ba3 Rad8 19. Rfd1 Be7 20. b4 Ne6 21. R4d2 Ng5 22. Nd4 Bc8 23. f4 Ne6 24. Nb3 Nc7 25. b5 cxb5 26. cxb5 d5 27. Bxe7 Rxe7 28. e4 Bd7 29. e5 Nh7 30. Nxd5 Nxd5 31. Rxd5 b6 32. Rd6 Nf8 33. Bc6 Bxc6 34. Rxd8 Bxb5 35. Nd4 Ba6 36. Nc6 Rc7 37. Nb4 Bb7 38. Rb8 Kg7 39. Rdd8 Nh7 40. g4 hxg4 41. hxg4 f6 42. e6 a5 43. Rd7+ 1-0

[Event "Bremer Silvester Open 2019"]
[Site "Bremen"]
[Date "2019.12.27"]
[Round "2.3"]
[White "Erofeev, Anastasia"]
[Black "Wachinger, Nikolas"]
[Result "0-1"]
[ECO "A60"]
[WhiteElo "1988"]
[BlackElo "2234"]
[Annotator "NA"]
[PlyCount "52"]
[EventDate "2019.12.27"]
[EventType "swiss"]
[EventCountry "GER"]
[SourceTitle "playchess.com"]
[Source "ChessBase"]
[SourceQuality "1"]
[TimeControl "40/5400+30:1800+30"]

1. d4 Nf6 2. c4 g6 3. g3 Bg7 4. Bg2 c5 5. d5 e6 6. Nc3 exd5 7. cxd5 d6 8. e4 O-O 9. Nge2 Re8 10. O-O b5 11. Nxb5 Nxe4 12. Nec3 Nxc3 13. Nxc3 Ba6 14. Re1 Rxe1+ 15. Qxe1 Nd7 16. Bf4 Ne5 17. Qd2 Rb8 18. Rb1 Qa5 19. Bxe5 Bxe5 20. Be4 Kg7 21. Kg2 Qb4 22. a3 Qc4 23. Rc1 Bxc3 24. Qxc3+ Qxc3 25. bxc3 Rb3 26. Rb1 Rxa3 0-1

[Event "Bremer Silvester Open 2019"]
[Site "Bremen"]
[Date "2019.12.27"]
[Round "2.4"]
[White "Hoerstmann, Martin"]
[Black "Ditmas, Hugh"]
[Result "1-0"]
[ECO "A14"]
[WhiteElo "2208"]
[BlackElo "1982"]
[Annotator "NA"]
[PlyCount "79"]
[EventDate "2019.12.27"]
[EventType "swiss"]
[EventCountry "GER"]
[SourceTitle "playchess.com"]
[Source "ChessBase"]
[SourceQuality "1"]
[TimeControl "40/5400+30:1800+30"]

1. Nf3 Nf6 2. g3 e6 3. Bg2 d5 4. O-O Be7 5. c4 O-O 6. b3 d4 7. e3 c5 8. exd4 cxd4 9. Bb2 Nc6 10. Re1 Re8 11. d3 Bc5 12. Ne5 Nxe5 13. Rxe5 Qd6 14. f4 Nd7 15. Re1 Nf6 16. a3 a5 17. Nd2 Rb8 18. Qe2 Bd7 19. Qe5 Qb6 20. h3 Bc6 21. Rab1 Bxg2 22. Kxg2 Qc6+ 23. Nf3 Red8 24. Qe2 b5 25. Qd2 bxc4 26. bxc4 Rb3 27. Ba1 a4 28. Rxb3 axb3 29. Bb2 Ra8 30. Ra1 Nd7 31. Qd1 Qb6 32. Qg1 Qd6 33. Bxd4 Bxa3 34. Bb2 Qa6 35. Rxa3 Qxa3 36. Bxa3 Rxa3 37. Ne5 Ra2+ 38. Kf3 Nxe5+ 39. fxe5 b2 40. Qb1 1-0

[Event "Bremer Silvester Open 2019"]
[Site "Bremen"]
[Date "2019.12.27"]
[Round "2.5"]
[White "Meyer, Thorsten"]
[Black "Brinkmann, Fabian"]
[Result "0-1"]
[ECO "B33"]
[WhiteElo "2295"]
[BlackElo "2148"]
[Annotator "NA"]
[PlyCount "79"]
[EventDate "2019.12.27"]
[EventType "swiss"]
[EventCountry "GER"]
[SourceTitle "playchess.com"]
[Source "ChessBase"]
[SourceQuality "1"]
[TimeControl "40/5400+30:1800+30"]

1. e4 c5 2. Nf3 Nc6 3. d4 cxd4 4. Nxd4 Nf6 5. Nc3 e5 6. Ndb5 d6 7. Bg5 a6 8. Na3 b5 9. Bxf6 gxf6 10. Nd5 Bg7 11. Bd3 Be6 12. c3 f5 13. O-O O-O 14. Nc2 Ra7 15. a4 fxe4 16. Bxe4 f5 17. Nf6+ Bxf6 18. Bxc6 bxa4 19. Bd5 Qd7 20. Bxe6+ Qxe6 21. Rxa4 d5 22. Nb4 Rd8 23. Qe2 a5 24. Nd3 Qb6 25. Rfa1 e4 26. Nf4 Be5 27. Nd3 Bc7 28. Nb4 Rb7 29. Rxa5 Qh6 30. g3 Bxa5 31. Rxa5 Qe6 32. Qd2 Rbd7 33. Nc2 Rf8 34. Nd4 Qb6 35. Rb5 Qa6 36. Qf4 Qd6 37. Qd2 f4 38. Ne2 f3 39. Nf4 Qa6 40. Ne2 0-1

[Event "Bremer Silvester Open 2019"]
[Site "Bremen"]
[Date "2019.12.27"]
[Round "2.6"]
[White "Wachinger, David"]
[Black "Lorenzen, Bjoern"]
[Result "0-1"]
[ECO "B38"]
[WhiteElo "2105"]
[BlackElo "1946"]
[Annotator "ChessBase"]
[PlyCount "192"]
[EventDate "2019.12.27"]
[EventType "swiss"]
[EventCountry "GER"]
[SourceTitle "playchess.com"]
[Source "ChessBase"]
[SourceQuality "1"]
[TimeControl "40/5400+30:1800+30"]

1. d4 Nf6 2. c4 g6 3. Nc3 Bg7 4. e4 d6 5. Be2 c5 6. Nf3 O-O 7. O-O cxd4 8. Nxd4 Nc6 9. Be3 Bd7 10. Rc1 Nxd4 11. Bxd4 Bc6 12. Qd3 e6 13. Rfd1 Qa5 14. Qf3 e5 15. Be3 Nxe4 16. Nd5 f5 17. Ne7+ Kh8 18. Qh3 Rf6 19. f3 Nc5 20. Bg5 Re6 21. Rb1 Qxa2 22. b4 Qxe2 23. bxc5 dxc5 24. Nxc6 Rxc6 25. Rd7 b6 26. Rbd1 Rg8 27. Bh6 a5 28. Bxg7+ Rxg7 29. Rd8+ Rg8 30. Qh4 Qe3+ 31. Kh1 g5 32. Qh5 Rcg6 33. Rxg8+ Rxg8 34. Qh6 Re8 35. Qf6+ Kg8 36. Qxf5 Qf4 37. Qd7 Qf7 38. Qg4 Qg7 39. Rd7 Qf6 40. Qe4 Re7 41. Rd8+ Kg7 42. Qa8 e4 43. Rg8+ Kh6 44. h4 gxh4 45. fxe4 Rd7 46. Qb8 Rd1+ 47. Kh2 Qd6+ 48. Qxd6+ Rxd6 49. Kh3 Kh5 50. Rb8 Kg5 51. Rg8+ Rg6 52. Rf8 Rf6 53. Rg8+ Kh5 54. Rg4 Rh6 55. e5 a4 56. Re4 Re6 57. Rxh4+ Kg5 58. Rg4+ Kf5 59. Rh4 h6 60. Rh5+ Ke4 61. Kg3 a3 62. Rh1 Kxe5 63. Re1+ Kd6 64. Ra1 Re4 65. Rxa3 Rxc4 66. Rf3 Re4 67. Rb3 Kc6 68. Kf3 Re6 69. Kf4 b5 70. Kf5 Rd6 71. Ke5 Rd5+ 72. Ke4 c4 73. Rh3 h5 74. Rg3 b4 75. Rg8 Rd2 76. Rg6+ Kb5 77. Rg5+ Ka4 78. Rxh5 Rxg2 79. Kd4 Rd2+ 80. Kxc4 Rc2+ 81. Kd3 Rc6 82. Kd2 b3 83. Rh8 Ka3 84. Kd1 Kb2 85. Rh2+ Kb1 86. Rh8 Rd6+ 87. Ke2 b2 88. Rb8 Rc6 89. Kd2 Rc1 90. Rb7 Rc6 91. Rb8 Rd6+ 92. Ke2 Rd4 93. Rc8 Ka2 94. Ke3 Rb4 95. Rc2 Ka1 96. Kd2 b1=Q 0-1

[Event "Bremer Silvester Open 2019"]
[Site "Bremen"]
[Date "2019.12.28"]
[Round "3.1"]
[White "Grishchenko, Sergey"]
[Black "Wielebinski, Paul Martin"]
[Result "1-0"]
[ECO "E73"]
[WhiteElo "2404"]
[BlackElo "2069"]
[Annotator "NA"]
[PlyCount "98"]
[EventDate "2019.12.27"]
[EventType "swiss"]
[EventCountry "GER"]
[SourceTitle "playchess.com"]
[Source "ChessBase"]
[SourceQuality "1"]
[TimeControl "40/5400+30:1800+30"]

1. d4 Nf6 2. c4 g6 3. Nc3 Bg7 4. e4 d6 5. Be2 O-O 6. Be3 e5 7. d5 Na6 8. g4 {[%emt 0:00:10] E73: King's Indian: Averbakh Variation without 6...c5} (8. h4 Nc5 9. Qc2 c6 10. h5 cxd5 11. cxd5 Qa5 12. h6 Bh8 13. f3 Bd7 14. Rb1 Na4 15. Qd2 Nxc3 16. bxc3 {½-½ (49) Eljanov,P (2676)-Demchenko,A (2679) Germany 2019}) 8... Nc5 9. Bf3 a5 10. h4 c6 11. g5 Nh5 12. Bxc5 dxc5 13. Bxh5 gxh5 14. Qxh5 f5 15. O-O-O Qb6 {[%emt 0:04:53] [#]} 16. Nf3 $146 ({Predecessor:} 16. Qe2) 16... fxe4 17. Nxe5 $2 (17. Nd2 $18) 17... Bxe5 (17... Bf5 $5 18. g6 Bxg6 19. Nxg6 Rxf2 20. Ne7+ Kh8 21. Ng6+ {[#]} Kg8 $1 22. Ne7+ Kh8 23. Ng6+ Kg8 $1 $11 ) 18. g6 Bf4+ {[%emt 0:00:07] [#]} 19. Kb1 $1 h6 20. g7 $1 Rf7 $1 21. Ne2 $1 cxd5 22. Nxf4 Rxf4 $2 (22... Bf5 $1 $14) 23. Qe8+ Kxg7 {[%emt 0:00:49] [#]} 24. Qe7+ $1 ({Stronger than} 24. Rdg1+ Bg4 $11) 24... Kh8 25. Rxd5 Be6 {[%emt 0:08:07] [#]} 26. Rd6 $1 {[%emt 0:01:26] Double Attack} Qxd6 27. Qxd6 Rf6 28. Rg1 Raf8 29. Qxc5 Bf5 30. Kc1 Bh7 31. Qc7 R8f7 32. Qb8+ Rf8 33. Qe5 $18 b6 34. Rd1 Kg8 35. Rd8 Rf5 36. Qe6+ Kg7 37. Rxf8 Rxf8 38. Qxb6 Bf5 39. Qxa5 Kg6 40. Qe5 Rf6 41. c5 Re6 42. Qf4 Kf6 43. b4 Re8 44. Qxh6+ Kf7 45. Qf4 Kf6 46. Kb2 e3 47. fxe3 Re4 48. Qh6+ Kf7 49. Kc3 Rf4 1-0

[Event "Bremer Silvester Open 2019"]
[Site "Bremen"]
[Date "2019.12.28"]
[Round "3.2"]
[White "Benecke, Torsten"]
[Black "Reuker, Jari"]
[Result "0-1"]
[ECO "C37"]
[WhiteElo "2010"]
[BlackElo "2383"]
[Annotator "NA"]
[PlyCount "42"]
[EventDate "2019.12.27"]
[EventType "swiss"]
[EventCountry "GER"]
[SourceTitle "playchess.com"]
[Source "ChessBase"]
[SourceQuality "1"]
[TimeControl "40/5400+30:1800+30"]

1. e4 e5 2. f4 exf4 3. Nf3 g5 4. Bc4 g4 5. O-O gxf3 6. Qxf3 Qf6 7. e5 Qxe5 8. Bxf7+ Kxf7 9. d4 Qf5 {[%emt 0:00:06] C37: King's Gambit Accepted: Muzio Gambit} 10. Bxf4 Nf6 11. Nc3 d6 12. Rae1 (12. Qe3 $142 Qe6 13. Qd3) 12... Rg8 $146 ({Predecessor:} 12... Bg7 13. Qe2 Re8 14. Be5 Qd7 15. Qc4+ Re6 16. Bxf6 Bxf6 17. Nd5 Rxe1 18. Rxe1 {1-0 (30) Bujdak,P (1668)-O'Brien,G (1348) LSS email 2012}) 13. Nd1 Nc6 14. c3 Qg4 15. Qf2 Qg6 16. Ne3 Bd7 17. h4 Be7 18. Bg5 Kg7 19. Bxf6+ Qxf6 20. Qe2 Qxh4 $19 21. Rf5 Kh8 0-1

[Event "Bremer Silvester Open 2019"]
[Site "Bremen"]
[Date "2019.12.28"]
[Round "3.3"]
[White "Wachinger, Nikolas"]
[Black "Celik, Abdullah"]
[Result "1/2-1/2"]
[ECO "B51"]
[WhiteElo "2234"]
[BlackElo "2048"]
[Annotator "NA"]
[PlyCount "52"]
[EventDate "2019.12.27"]
[EventType "swiss"]
[EventCountry "GER"]
[SourceTitle "playchess.com"]
[Source "ChessBase"]
[SourceQuality "1"]
[TimeControl "40/5400+30:1800+30"]

1. e4 c5 2. Nf3 d6 3. Bb5+ Nc6 4. O-O Bd7 5. Re1 Nf6 6. c3 a6 {[%emt 0:00:03] B51: Sicilian: Moscow Variation (3 Bb5+) without 3...Bd7} 7. Bc4 (7. Bf1 Bg4 8. d4 cxd4 9. cxd4 d5 10. exd5 Nxd5 11. Nc3 e6 12. h3 Bh5 13. g4 Bg6 14. Nxd5 Qxd5 15. Bg2 O-O-O 16. Ne5 Qxd4 17. Qf3 Rd5 18. Nxf7 {1-0 (31) Giri,A (2779)-Mamedyarov,S (2774) Zagreb 2019}) 7... b5 8. Bf1 Ne5 9. Nxe5 $146 ({Predecessor:} 9. d4 Nxf3+ 10. Qxf3 e5 11. a4 Be7 12. Bg5 O-O 13. dxc5 dxc5 14. Na3 {½-½ (59) Hansen,M (2344)-Bailet,P (2492) Barcelona 2016}) 9... dxe5 10. a4 e6 11. Na3 Bc6 12. Qb3 (12. d4 $11) 12... c4 ({Of course not} 12... Bxe4 $6 13. axb5 Bd5 14. Nc4 $16) 13. Qc2 Bc5 14. h3 $1 Qb6 15. d3 {[%emt 0:00:25] [#]} cxd3 $1 16. Bxd3 O-O (16... bxa4 $15 17. Nc4 Qc7) 17. b4 Be7 18. axb5 axb5 19. Qe2 Rfd8 20. Bg5 Nxe4 21. Bxe7 Rxd3 $1 22. Qxd3 Qxf2+ 23. Kh2 Qf4+ 24. Kg1 Qf2+ $11 25. Kh2 Qf4+ 26. Kg1 Qf2+ 1/2-1/2

[Event "Bremer Silvester Open 2019"]
[Site "Bremen"]
[Date "2019.12.28"]
[Round "3.4"]
[White "Lorenzen, Bjoern"]
[Black "Hoerstmann, Martin"]
[Result "0-1"]
[ECO "A40"]
[WhiteElo "1946"]
[BlackElo "2208"]
[Annotator "NA"]
[PlyCount "68"]
[EventDate "2019.12.27"]
[EventType "swiss"]
[EventCountry "GER"]
[SourceTitle "playchess.com"]
[Source "ChessBase"]
[SourceQuality "1"]
[TimeControl "40/5400+30:1800+30"]

1. d4 g6 2. c4 Bg7 3. Nc3 c5 4. d5 Bxc3+ 5. bxc3 f5 6. e4 fxe4 7. f3 e5 {[%emt 0:00:12] A40: Unusual replies to 1 d4} (7... Nf6 8. Bh6 Qa5 9. Qc2 d6 10. fxe4 Bd7 11. Nf3 Ba4 12. Qb2 Nbd7 13. Bd3 Ng4 14. Bf4 O-O 15. Bg3 {½-½ (84) Bartel,M (2638)-Harikrishna,P (2709) Germany 2013}) 8. dxe6 Nc6 9. exd7+ (9. Nh3 $11 {keeps the balance.}) 9... Bxd7 10. Qe2 $146 ({Predecessor:} 10. fxe4 Qh4+ 11. g3 Qxe4+ 12. Qe2 Qxe2+ 13. Nxe2 O-O-O 14. Bg5 Re8 15. O-O-O {0-1 (41) Michalicka,M (2252)-Vokac,M (2458) Stare Mesto 2013}) 10... Qa5 11. Bd2 $2 (11. Qxe4+ $17 Nge7 12. Qc2) 11... O-O-O 12. fxe4 Nf6 13. O-O-O (13. Nf3 $142 Nxe4 14. Qxe4) 13... Nxe4 14. Be1 Nxc3 15. Bxc3 Qxc3+ 16. Qc2 Qa1+ 17. Qb1 Qxb1+ 18. Kxb1 Bg4 19. Rxd8+ Rxd8 ({Don't take} 19... Kxd8 20. Be2 $19) 20. Be2 Bxe2 21. Nxe2 Rd2 22. Nf4 Ne5 23. Re1 Nxc4 24. Re7 Rd7 25. Re2 b6 26. Kc2 Kb7 27. g3 Na3+ 28. Kb3 Nb5 29. Rf2 $19 Rf7 30. h4 Nd4+ 31. Kc4 Kc6 32. Rb2 Nf5 33. Nd3 Nd6+ 34. Kc3 Rf3 {[%emt 0:09:33] Kd4} 0-1

[Event "Bremer Silvester Open 2019"]
[Site "Bremen"]
[Date "2019.12.28"]
[Round "3.5"]
[White "Lin, Chung-Yu Lee"]
[Black "Brinkmann, Fabian"]
[Result "0-1"]
[ECO "B18"]
[WhiteElo "1743"]
[BlackElo "2148"]
[Annotator "NA"]
[PlyCount "96"]
[EventDate "2019.12.27"]
[EventType "swiss"]
[EventCountry "GER"]
[SourceTitle "playchess.com"]
[Source "ChessBase"]
[SourceQuality "1"]
[TimeControl "40/5400+30:1800+30"]

1. e4 c6 2. d4 d5 3. Nc3 dxe4 4. Nxe4 Bf5 5. Ng3 Bg6 6. Nf3 Nd7 7. Bd3 Bxd3 8. Qxd3 Ngf6 9. O-O e6 10. Bd2 Bd6 11. c4 O-O 12. Bc3 Qc7 13. Rfe1 c5 {[%emt 0:04:08] B18: Classical Caro-Kann: 4...Bf5 sidelines} (13... Rad8 14. Rad1 a5 15. b3 Bb4 16. Qc2 Rfe8 17. Rd3 Nf8 18. Ne4 N8d7 19. Ng3 b6 20. Red1 Bxc3 21. Rxc3 {0-1 (28) Proehl,H (2395)-Dautov,R (2601) Magdeburg 2014}) 14. Rad1 Rfd8 15. Ne4 $146 ({Predecessor:} 15. d5 exd5 16. cxd5 Re8 17. Nf5 Rac8 18. Ng5 {1-0 (26) Krajcovic,A-Podhorsky,M Slovakia 2001}) 15... Be7 (15... Nxe4 $11 16. Rxe4 Nf6) 16. d5 exd5 17. cxd5 Nxe4 18. Qxe4 Bf6 19. d6 Qb6 (19... Qc6 $16) 20. Bxf6 $2 (20. Nh4 $18) 20... Nxf6 21. Qf4 Qxb2 22. Rb1 Qxa2 23. Rxb7 ({Better is} 23. h3 $15) 23... Qd5 24. Rc7 Rxd6 25. h3 Rd7 26. Re7 Rxe7 27. Rxe7 a5 28. Qc7 Ne8 $2 (28... a4 $19 29. Re5 Qd7 30. Qxc5 a3) 29. Qa7 $2 (29. Qxa5 $17 Kf8 30. Qe1) 29... f6 30. Qb6 a4 $2 (30... Kf8 $19 {and Black stays clearly on top.} 31. Re2 a4) 31. Qb5 Kf8 32. Rd7 $17 Ra5 33. Qxa4 Rxa4 34. Rxd5 c4 35. Kf1 Ke7 36. Ke2 Nd6 37. Nd4 Ra2+ 38. Ke3 Ra3+ 39. Ke2 Rd3 40. Nc6+ Kd7 41. Rc5 Rb3 42. Na5 Rc3 43. Kd1 g6 44. f3 Ke6 45. Kd2 Rd3+ 46. Ke2 Rd5 47. Rxd5 Kxd5 48. Kd2 Kc5 0-1